 Dungeon Crawl Stone Soup version 0.29-a0-334-gb41bcbb86e (webtiles) character file.

Game seed: 10935488197886055516

58 Jortsu the Skirmisher (level 4, -4/40 HPs)
             Began as a Hill Orc Fighter on Apr 14, 2022.
             Slain by Natasha (6 damage)
             ... on level 2 of the Dungeon.
             The game lasted 00:01:38 (1414 turns).

Jortsu the Skirmisher (Hill Orc Fighter)            Turns: 1414, Time: 00:01:39

Health: -4/40      AC:  7    Str: 20    XL:     4   Next: 1%
Magic:  4/4        EV:  9    Int:  8    God:
Gold:   56         SH:  4    Dex: 10    Spells: 3/3 levels left

rFire   . . .      SeeInvis .   a - +0 war axe
rCold   . . .      Faith    .   c - +0 buckler
rNeg    . . .      Spirit   .   b - +0 scale mail
rPois   .          Reflect  .   (no helmet)
rElec   .          Harm     .   (no cloak)
rCorr   .          Rampage  .   (no gloves)
Will    .....                   (no boots)
Stlth   ..........              (no amulet)
HPRegen 0.13/turn               (no ring)
MPRegen 0.09/turn               (no ring)

@: no status effects
A: no striking features
a: no special abilities


You were on level 2 of the Dungeon.
You visited 1 branch of the dungeon, and saw 2 of its levels.

You collected 56 gold pieces.

Inventory:

Hand Weapons
 a - a +0 war axe (weapon)
Armour
 b - a +0 scale mail (worn)
 c - a +0 buckler (worn)
Scrolls
 h - a scroll of identify
 i - a scroll of noise {unknown}
Potions
 d - a potion of might
 e - a potion of flight
 f - 2 potions of curing {unknown}
 g - a potion of attraction {unknown}
 j - a potion of resistance {unknown}


   Skills:
 + Level 4.1 Fighting
 + Level 3.7 Axes
 + Level 3.8 Armour
 + Level 0.3 Dodging
 + Level 3.9 Shields


You had 3 spell levels left.
You didn't know any spells.
Your spell library contained the following spells:

 Spells                   Type           Power      Damage    Failure   Level
 Shock                    Conj/Air       0%         1d3       85%         1
 Swiftness                Air            0%         N/A       99%         3
 Airstrike                Air            0%         N/A       100%        4


Dungeon Overview and Level Annotations

Branches:
Dungeon (2/15)

Altars:

Shops:
D:1 =(

Annotations:
D:1 2 transporters
D:2 Natasha


Message History

Natasha stares at you and mumbles some strange words.
You resist with some effort.
You closely miss Natasha.
Natasha is lightly wounded.
Natasha claws you but does no damage.
You hit Natasha.
Natasha is moderately wounded.
You hit the iron imp but do no damage. Natasha claws you but does no damage.
The iron imp hits you. Natasha claws you.
You barely miss Natasha.
Natasha is moderately wounded.
You hit the iron imp.
Natasha casts a spell.
The iron imp barely misses you.
You closely miss Natasha.
Natasha is moderately wounded.
You slash the iron imp!
You kill the iron imp!
The iron imp disappears in a puff of smoke!
You block Natasha's attack.
You hit Natasha.
Natasha is heavily wounded.
Natasha claws you. Natasha casts a spell at you. The magic dart hits you.
You barely miss Natasha.
Natasha is heavily wounded.
You hit the iron imp. Natasha closely misses you.
The iron imp grins evilly.
The iron imp hits you but does no damage.
You hit Natasha.
Natasha is severely wounded.
You hit the iron imp but do no damage. Natasha claws you.
* * * LOW HITPOINT WARNING * * *
The iron imp hits you!
* * * LOW HITPOINT WARNING * * *
You barely miss Natasha.
Natasha is severely wounded.
You slash the iron imp! Natasha claws you.
You die...

#.# ##.## #.#
##.#### #.# #.#
......# #.# #.#
##.##.# ##'#
#.##### ##.##.#
#...# #.....#
#..##.# .....#
#####.# #.###.#
......# ##..#
...##.#
.......####...##
......+
......h@.......#
......#
......5####...##
####### ......#
##..# ....(#
##.# #...# #.#
##+# .# ##


You could see an iron imp (summoned) and Natasha.

Vanquished Creatures
  Natasha (D:2)
  An adder (D:2)
  A worm (D:2)
  2 dart slugs (D:1)
  An endoplasm (D:1)
  2 giant cockroaches
  2 goblins
  A hobgoblin (D:1)
  3 bats (D:1)
  A frilled lizard (D:1)
  4 kobolds (D:1)
19 creatures vanquished.

Notes
Turn   | Place    | Note
-------+----------+-------------------------------------------
     0 | D:1      | Jortsu the Hill Orc Fighter began the quest for the Orb.
     0 | D:1      | Reached XP level 1. HP: 19/19 MP: 1/1
    14 | D:1      | Found Tylerid's Weapon Emporium.
   344 | D:1      | Reached XP level 2. HP: 19/27 MP: 2/2
   742 | D:1      | Found Eczeob's Jewellery Shoppe.
   817 | D:1      | Found a faded altar of an unknown god.
  1293 | D:2      | Noticed Natasha
  1303 | D:2      | Killed Natasha
  1304 | D:2      | Reached skill level 4 in Fighting
  1304 | D:2      | Reached XP level 3. HP: 33/33 MP: 3/3
  1325 | D:2      | Reached XP level 4. HP: 40/40 MP: 4/4
  1398 | D:2      | Noticed Natasha
  1413 | D:2      | HP: 2/40 [iron imp[Natasha] (9)]
  1414 | D:2      | Slain by Natasha

Illustrated notes

Levels and vault maps discovered:
D:1:      spicycebolla_arrival_teleporter_tutorial, layout_basic,
          shapermc_ecumenical_altar_flowoftime, serial_shops, shop, shop,
          minmay_misc_feat_columns
D:2:      minmay_razor_zed, layout_loops_corners, grunt_ministairs_15,
          hangedman_abyss_or_decor_lesser_grid, uniq_natasha

Skill      XL: |  1  2 |
---------------+-------+-----
Axes           | 3 |  3.7
Fighting       | 4 |  4.1
Armour         | |  3.8
Dodging        | |  0.3
Shields        | |  3.9

Action                   |  1- 3 |  4- 6 || total
-------------------------+-------+-------++-------
Melee: War axe           |    58 |    14 ||    72
  Use: Scroll            |     2 |       ||     2
Armor: Scale mail        |    68 |     5 ||    73
Dodge: Dodged            |    56 |     4 ||    60
Block: Buckler           |    21 |     1 ||    22

Table legend: (Time is in decaauts)
 A = Elapsed time spent in this place.
 B = Non-inter-level travel time spent in this place.
 C = Inter-level travel time spent in this place.
 D = Time resting spent in this place.
 E = Time spent auto-exploring this place.
 F = Levels seen in this place.
 G = Mean time per level.
                   A        B        C        D        E       F      G
               +--------+--------+--------+--------+--------+-----+--------+
         Total |   1443 |   1413 |     30 |      0 |   1138 |   2 |  721.5 |
       Dungeon |   1443 |   1413 |     30 |      0 |   1138 |   2 |  721.5 |
               +--------+--------+--------+--------+--------+-----+--------+

Top non-repeatable levels by time:
     D:1: 1177 daAuts
     D:2: 265 daAuts
